 Dungeon Crawl Stone Soup version 0.18-a0-1372-gd644665 (webtiles) character file.

44 Duffy the Insei (level 3, -5/23 HPs)
             Began as a Tengu Monk on Feb 21, 2016.
             Slain by Dirian's ghost (13 damage)
             ... on level 3 of the Dungeon.
             The game lasted 00:01:12 (1118 turns).

Duffy the Insei (Tengu Monk)                        Turns: 1118, Time: 00:01:13

Health: -5/23      AC:  5    Str: 11    XL:     3   Next: 62%
Magic:  4/4        EV: 12    Int: 10    God:
Gold:   27         SH:  0    Dex: 17    Spells: 0 memorised, 2 levels left

rFire  . . .     SeeInvis .       - Unarmed
rCold  . . .     Gourm    .     h - +0 ring mail
rNeg   . . .     Faith    .     (no shield)
rPois  .         Spirit   .     (helmet restricted)
rElec  .         Dismiss  .     (no cloak)
rCorr  .         Reflect  .     (no gloves)
SustAt .         Harm     .     (boots unavailable)
MR     .....                    (no amulet)
Stlth  +.........               (no ring)
                                (no ring)

@: not resistant to hostile enchantments, very unstealthy
A: beak, talons 3
a: no special abilities


You were on level 3 of the Dungeon.
You were hungry.

You visited 1 branch of the dungeon, and saw 3 of its levels.

You collected 27 gold pieces.


Innate Abilities, Weirdness & Mutations

You have a beak for a mouth.
You have claws for feet.


   Skills:
 - Level 3.0 Fighting
 - Level 3.2 Dodging
 - Level 2.0 Stealth
 + Level 5.7 Unarmed Combat


You had 2 spell levels left.
You didn't know any spells.

Inventory:

Armour
 a - a +0 robe
 f - a +0 leather armour
 h - a +0 ring mail (worn)
Scrolls
 d - a scroll of remove curse {unknown}
 e - a scroll of fog {unknown}
 i - a scroll of identify {unknown}
 j - a scroll of blinking {unknown}
Potions
 c - 2 potions of might {unknown}
 g - a potion of resistance {unknown}
Comestibles
 b - a bread ration

Dungeon Overview and Level Annotations

Branches:
Dungeon (3/15)

Altars:

Annotations:
D:2 Robin, Terence
D:3 Dirian's ghost, amateur MiFi


Message History

The bat barely misses you.
You slide downwards.
The hatch slams shut behind you.
Found a ring mail.
Dirian's ghost (amateur Minotaur Fighter) opens the door.
Dirian's ghost is nearby!
You see here a ring mail.
You open the door.
Dirian's ghost turns its malevolent gaze towards you.
Dirian's ghost whispers, "Trust me.
Just give in."
There is an open door here.
You close the door.
As you open the door, it creaks loudly!
You hit Dirian's ghost but do no damage.
You claw Dirian's ghost, but do no damage.
You peck Dirian's ghost, but do no damage.
You hit Dirian's ghost but do no damage.
Dirian's ghost barely misses you.
You hit Dirian's ghost but do no damage.
You claw Dirian's ghost, but do no damage.
Dirian's ghost hits you.
You hit Dirian's ghost.
You claw Dirian's ghost, but do no damage.
You peck Dirian's ghost.
Dirian's ghost is lightly damaged.
Dirian's ghost closely misses you.
You hit Dirian's ghost but do no damage.
You claw Dirian's ghost.
Dirian's ghost is lightly damaged.
Dirian's ghost misses you.
You hit Dirian's ghost but do no damage.
You claw Dirian's ghost, but do no damage.
Dirian's ghost is lightly damaged.
Dirian's ghost hits you!
Ouch! That really hurt!
You die...

...... .# .# . ...
#.##.# ##...# ......
#..#.# ##...##
#....# ##.....##
#.##.## ##.......##
#.#...####.........#
#..@W....'.[.......'
#.#...####.........#
#.##.## ##.......##
......# ##.....##
##.###.# ##...## #.
.# ##+## #. .# #. .#


You could see Dirian's ghost.

Action                   || total
-------------------------++-------
Melee: Unarmed           ||    77
 Stab: Sleeping          ||     3

Notes
Turn   | Place    | Note
--------------------------------------------------------------
     0 | D:1      | Duffy the Tengu Monk began the quest for the Orb.
     0 | D:1      | Reached XP level 1. HP: 14/14 MP: 2/2
   196 | D:1      | Reached XP level 2. HP: 17/19 MP: 3/3
   370 | D:1      | Reached skill level 5 in Unarmed Combat
   517 | D:1      | Reached XP level 3. HP: 16/23 MP: 4/4
  1043 | D:2      | Noticed Terence
  1045 | D:2      | Noticed Robin
  1098 | D:3      | Noticed Dirian's ghost (amateur MiFi)
  1118 | D:3      | Slain by Dirian's ghost

Vault maps used:
D:1:      tarquinn_simple_flora_water_a, fountainhead, dk_noncrumbling_3,
          minmay_hedge_maze, minmay_statues_item
D:2:      grunt_temple_overflow_cloverleaf, roderic_roman_lattice, uniq_terence,
          uniq_robin
D:3:      nicolae_gozag_cash_rules_everything_around_me, uniq_grinder,
          uniq_jessica

Vanquished Creatures
  An adder
  An ooze
  A worm
  A giant gecko
  3 giant cockroaches
  3 goblins
  3 hobgoblins
  4 kobolds
  5 bats
  A giant newt
  A rat
24 creatures vanquished.
